 Dungeon Crawl Stone Soup version 0.18.1-6-gd335043 (webtiles) character file.

249 oplop the Sneak (level 5, -5/35 HPs)
             Began as a Vampire Enchanter on May 18, 2016.
             Killed by divine providence
             ... invoked by an orc priest
              (12 damage)
             ... on level 4 of the Dungeon.
             The game lasted 00:06:01 (2579 turns).

oplop the Sneak (Vampire Enchanter)                 Turns: 2579, Time: 00:06:02

Health: -5/35      AC:  4    Str:  7    XL:     5   Next: 87%
Magic:  3/9        EV: 13    Int: 17    God:
Gold:   117        SH:  0    Dex: 16    Spells: 3 memorised, 4 levels left

rFire  . . .     SeeInvis +     o - +1 dagger (drain)
rCold  + . .     Gourm    .     b - +1 robe
rNeg   + + .     Faith    .     (no shield)
rPois  +         Spirit   .     (no helmet)
rElec  .         Dismiss  .     (no cloak)
rCorr  +         Reflect  .     (no gloves)
SustAt .         Harm     .     (no boots)
MR     .....                    (no amulet)
Stlth  ++++......               r - +1 ring of protection
                                q - ring of resist corrosion

@: regenerating slowly, not resistant to hostile enchantments, stealthy
A: fangs 3, see invisible, unbreathing
a: Bat Form


You were on level 4 of the Dungeon.
You were very thirsty.

You visited 1 branch of the dungeon, and saw 4 of its levels.

You collected 117 gold pieces.

Inventory:

Hand Weapons
 a - a +1 dagger
 o - a +1 dagger of draining (weapon)
Missiles
 h - 2 throwing nets (quivered)
Armour
 b - a +1 robe (worn)
Jewellery
 q - a ring of resist corrosion (left hand)
 r - a +1 ring of protection (right hand)
Scrolls
 e - 2 scrolls of identify {unknown}
 f - a scroll of fog {unknown}
 i - 3 scrolls of magic mapping {unknown}
 j - a scroll of blinking {unknown}
 l - a scroll of remove curse {unknown}
 n - a scroll of noise {unknown}
 p - 3 scrolls of enchant weapon {unknown}
 s - a scroll of immolation {unknown}
Potions
 d - 6 potions of blood
 g - a potion of heal wounds {unknown}
 k - 2 potions of might {unknown}
 m - 2 potions of curing {unknown}
Books
 c - a book of Maledictions

   Spells                             Type                      Level
   a - Corona                         Hexes                        1
   b - Ensorcelled Hibernation        Hexes/Ice                    2
   c - Confuse                        Hexes                        3
   d - Tukima's Dance                 Hexes                        3
   e - Dazzling Spray                 Conjuration/Hexes            3


   Skills:
 - Level 1.1 Short Blades
 - Level 2.1 Dodging
 + Level 7.1 Stealth
 + Level 3.3 Spellcasting
 + Level 6.8 Hexes


You had 4 spell levels left.
You knew the following spells:

 Your Spells              Type           Power        Failure   Level  Hunger
a - Corona                Hex            ####...      1%          1    None
b - Ensorcelled Hibernat  Hex/Ice        ##....       10%         2    ##.....
c - Confuse               Hex            ####....     3%          3    ###....


Dungeon Overview and Level Annotations

Branches:
Dungeon (4/15)
 Temple: D:4-7

Altars:
Trog
Xom

Shops:
D:4 (


Innate Abilities, Weirdness & Mutations

You heal slowly.
You have razor-sharp teeth.
You have supernaturally acute eyesight.
You can survive without breathing.


Message History

Casting: Ensorcelled Hibernation
Confirm with . or Enter, or press ? or * to list all spells.
Aiming: Ensorcelled Hibernation
Press: ? - help, Shift-Dir - straight line, f - orc priest
Aim: an orc priest, wielding a hand axe and wearing a ring mail (chance to defeat MR: 45%)
The orc priest resists with some effort.
You are feeling very thirsty.
The orc priest calls down the wrath of Beogh upon you.
Beogh smites you!
* * * LOW HITPOINT WARNING * * *
The orc wizard casts a spell at you. The magic dart hits you!
* * * LOW HITPOINT WARNING * * *
Things that are here:
a club; a short sword; a leather armour You hit the orc wizard.
You drain the orc wizard!
The orc wizard is moderately wounded.
The orc priest invokes the aid of Beogh against you.
Beogh smites you!
You die...

## # # ##
########### .#
#.....#.... .#
#.###...### .# #.#
#.∩.# # .#
##########.###...# #
.#
#oo@.........#.#.###
.#
#.########.#.......)
.# # #.######### .#
#.# # .# #.# .# #.#
# .########### ...
....<....... .#
############


You could see an orc priest and an orc wizard (invisible).

Vanquished Creatures
  A hound (D:4)
  An orc priest (D:4)
  2 orc wizards (D:4)
  4 adders
  An ooze (D:2)
  3 worms
  5 dart slugs
  3 giant geckos
  8 orcs (D:4)
  9 bats
  2 giant cockroaches
  6 goblins
  6 hobgoblins
  6 kobolds
  3 quokkas
  A ball python (D:2)
  4 giant newts
  5 rats
70 creatures vanquished.

Notes
Turn   | Place    | Note
--------------------------------------------------------------
     0 | D:1      | oplop the Vampire Enchanter began the quest for the Orb.
     0 | D:1      | Reached XP level 1. HP: 13/13 MP: 3/3
   243 | D:1      | Reached XP level 2. HP: 17/19 MP: 5/5
   351 | D:1      | Reached skill level 5 in Hexes
   565 | D:1      | Learned a level 2 spell: Ensorcelled Hibernation
   981 | D:2      | Reached skill level 5 in Stealth
   981 | D:2      | Reached XP level 3. HP: 24/24 MP: 3/6
  1367 | D:2      | Reached XP level 4. HP: 21/30 MP: 7/7
  1786 | D:3      | Found a bloodstained altar of Trog.
  2180 | D:3      | Reached skill level 6 in Stealth
  2226 | D:3      | Found a shimmering altar of Xom.
  2281 | D:4      | Learned a level 3 spell: Confuse
  2388 | D:4      | Noticed a phantom
  2395 | D:4      | Reached XP level 5. HP: 34/35 MP: 6/9
  2551 | D:4      | Found Xuuze's Antique Weapon Emporium.
  2576 | D:4      | Reached skill level 7 in Stealth
  2579 | D:4      | Killed from afar by an orc priest

Skill      XL: |  1  2  3  4  5 |
---------------+----------------+-----
Hexes          | 5 6 |  6.8
Stealth        | 5 6 7 |  7.1
Spellcasting   | 3 |  3.3
Short Blades   | |  1.1
Dodging        | |  2.1

Action                   |  1- 3 |  4- 6 || total
-------------------------+-------+-------++-------
Melee: Dagger            |    86 |    81 ||   167
       Bite              |     7 |     5 ||    12
Throw: Throwing net      |     2 |       ||     2
 Cast: Corona            |     4 |       ||     4
       Ensorcelled Hiber |    13 |    13 ||    26
 Abil: End Transformatio |     1 |       ||     1
       Bat Form          |     1 |       ||     1
  Use: Potion            |     1 |       ||     1
 Stab: Sleeping          |    16 |    21 ||    37
       Held in net/web   |     1 |       ||     1
       Invisible         |     1 |       ||     1
       Distracted        |       |     1 ||     1
  Eat: Corpse            |     4 |     1 ||     5
Armor: Robe              |    20 |    17 ||    37
Dodge: Dodged            |    51 |    63 ||   114
